 Dungeon Crawl Stone Soup version 0.29.0-4-gdea44cf6ec (webtiles) character file.

Game seed: 2566078299460267146

16178 experimilk the Destroyer (level 12, -2/81 HPs)
             Began as a Grey Draconian Conjurer on Aug 26, 2022.
             Was a High Priest of Dithmenos.
             Killed from afar by a molten gargoyle (21 damage)
             ... with a bolt of magma
             ... in a volcano.
             The game lasted 01:14:13 (18830 turns).

experimilk the Destroyer (Grey Draconian Conjurer) Turns: 18830, Time: 01:14:14

Health: -2/81      AC: 18    Str: 10    XL:     12   Next: 7%
Magic:  1/23       EV: 14    Int: 29    God:    Dithmenos [*****.]
Gold:   190        SH:  0    Dex: 19    Spells: 8/26 levels left

rFire   . . .      SeeInvis .   K - staff of conjuration
rCold   . . .      Faith    .   (no shield)
rNeg    . . .      Spirit   .   (body armour unavailable)
rPois   .          Reflect  .   a - +2 hat
rElec   .          Harm     .   I - +1 cloak
rCorr   .          Rampage  .   L - +0 pair of fencer's gloves {Riposte Dex+3}
Will    .....                   (no boots)
Stlth   +++++.....              y - amulet of regeneration
HPRegen 1.03/turn               d - +6 ring of dexterity
MPRegen 0.18/turn               w - +6 ring of intelligence

@: wreathed by umbra
A: AC +13, amphibious, unfitting armour, cold-blooded
a: Renounce Religion, Shadow Step, Shadow Form


You were in a volcano.
You worshipped Dithmenos.
Dithmenos was extremely pleased with you.
You visited 2 branches of the dungeon, and saw 11 of its levels.
You also visited: Sewer and Volcano.

You collected 742 gold pieces.
You spent 552 gold pieces at shops.

Inventory:

Hand Weapons
 i - a +1 short sword
 H - a +4 scimitar of protection
Missiles
 h - 3 throwing nets
Armour
 a - a +2 hat (worn)
 I - a +1 cloak (worn)
 L - the +0 pair of fencer's gloves (worn) {Riposte Dex+3}
   (You bought it in a shop on level 9 of the Dungeon)

   It allows the wearer to riposte with melee weapons, swiftly retaliating
   against missed or blocked melee attacks.
   Dex:       It affects your dexterity (+3).
Magical Staves
 J - a staff of air
 K - a staff of conjuration (weapon)
Jewellery
 d - a +6 ring of dexterity (left hand)
 g - a +4 ring of evasion
 j - a +4 ring of protection
 w - a +6 ring of intelligence (right hand)
 x - an amulet of reflection
 y - an amulet of regeneration (around neck)
 F - a ring of willpower
Wands
 l - a wand of digging (5)
 n - a wand of light (5)
 t - a wand of iceblast (1)
 D - a wand of paralysis (7)
 E - a wand of mindburst (8)
Scrolls
 b - a scroll of amnesia
 c - 4 scrolls of poison
 e - a scroll of fog
 k - a scroll of fear
 m - 2 scrolls of teleportation
 r - a scroll of enchant weapon
 v - a scroll of silence
Potions
 f - 3 potions of brilliance
 o - a potion of haste
 q - 2 potions of might
 z - 2 potions of flight
 A - 3 potions of curing
 G - a potion of attraction {unknown}


   Skills:
 + Level 3.7 Dodging
 - Level 6.0 Stealth
 + Level 7.9 Spellcasting
 - Level 11.4 Conjurations
 - Level 6.0 Hexes
 * Level 9.0 Air Magic
 - Level 3.0 Invocations


You had 8 spell levels left.
You knew the following spells:

 Your Spells              Type           Power      Damage    Failure   Level
a - Magic Dart            Conj           100%       1d8       1%          1
c - Tukima's Dance        Hex            46%        N/A       1%          3
d - Lightning Bolt        Conj/Air       41%        1d60      1%          5
e - Iskenderun's Mystic   Conj/Tloc      61%        2d13      4%          4
f - Poisonous Vapours     Pois/Air       74%        N/A       1%          2
g - Swiftness             Air            59%        N/A       1%          3

Your spell library contained the following spells:

 Spells                   Type           Power      Damage    Failure   Level
 Shock                    Conj/Air       100%       1d9       1%          1
 Searing Ray              Conj           100%       2d8       1%          2
 Static Discharge         Conj/Air       82%        3-14/arc  1%          2
 Conjure Flame            Conj/Fire      61%        6-21      1%          3
 Dazzling Flash           Conj/Hex       100%       N/A       1%          3
 Airstrike                Air            29%        2d(5-21)  1%          4
 Fulminant Prism          Conj/Hex       37%        3d18      1%          4
 Beastly Appendage        Tmut           22%        N/A       4%          1
 Sting                    Tmut/Pois      44%        1d5       4%          1
 Portal Projectile        Hex/Tloc       56%        N/A       4%          3
 Sticky Flame             Conj/Fire      61%        2d8       4%          4
 Sublimation of Blood     Necr           11%        N/A       7%          2
 Wereblood                Tmut           11%        N/A       7%          2
 Ignite Poison            Fire/Tmut/Pois 11%        N/A       14%         3
 Spider Form              Tmut/Pois      11%        N/A       14%         3
 Olgreb's Toxic Radiance  Pois           11%        N/A       43%         4
 Blade Hands              Tmut           5%         N/A       78%         5
 Summon Hydra             Summ           5%         N/A       100%        7
 Maxwell's Capacitive Co  Air            29%        ∞         100%        8


Dungeon Overview and Level Annotations

Branches:
Dungeon (9/15)             Temple (0/1) D:5            Lair (2/5) D:9
  Swamp (0/4) Lair:2        Sewer (visited)         Volcano (1/1)
  Snake: Lair:2-3    Spider: Lair:2-3       Orc: D:9-12

Altars:
Cheibriados
Dithmenos
Gozag
Hepliaklqana
Kikubaaqudgha
Makhleb
Okawaru
Qazlal
Ru
Uskayaw
Wu Jian
Zin
The Shining One

Shops:
D:4 **   D:9 [

Annotations:
Lair:2 Sonja


Innate Abilities, Weirdness & Mutations

Your dull iron-grey scales are very hard. (AC +13)
You are amphibious.
You cannot fit into any form of body armour.
You are cold-blooded and may be slowed by cold attacks.


Message History

You hit the molten gargoyle.
You tail-slap the molten gargoyle, but do no damage.
The molten gargoyle is almost destroyed.
The molten gargoyle blasts magma at you!
The bolt of magma hits you but does no damage.
You hit the molten gargoyle but do no damage.
You tail-slap the molten gargoyle, but do no damage.
The molten gargoyle is almost destroyed.
The molten gargoyle hits you with a +0 flail.
You are engulfed in flames!
The efreet gestures at you.
The fireball explodes!
The fireball engulfs you!
The fireball engulfs the molten gargoyle.
The molten gargoyle completely resists.
You barely miss the molten gargoyle.
The molten gargoyle is almost destroyed.
Your shadow barely misses the molten gargoyle.
The molten gargoyle closely misses you.
A fire elemental comes into view.
The efreet gestures at you.
The fireball explodes!
The fireball engulfs you!
* * * LOW HITPOINT WARNING * * *
The fireball engulfs the molten gargoyle.
The molten gargoyle completely resists.
Read: 2 scrolls of fear
Press: ? - help, Q - select action, (/) - cycle Dir - look around, f - activate
Okay, then.
Read: 2 scrolls of fear
Press: ? - help, Q - select action, (/) - cycle Dir - look around, f - activate Look: an efreet, wielding a +1 scimitar of flaming (umbra, chance to affect: 97%)
As you read the scroll of fear, it crumbles to dust.
You assume a fearsome visage.
The molten gargoyle is unaffected.
The efreet looks frightened!
The molten gargoyle completely misses you.
A fire elemental comes into view.
The molten gargoyle blasts magma at you!
The bolt of magma misses you.
The molten gargoyle blasts magma at you!
The bolt of magma hits you!!
You die...

#.°R≈≈##.##
##..≈≈≈≈##.##
#.§≈≈°§##.)9#
#R.≈≈E###)##
#☼.☼E##.##
###○###'##
#...○##)9###
##..........#
#...∩...@...#
##...≈§§...##
#≈§≈≈≈≈≈§§#
##§§≈≈≈≈§##
#########


You could see an efreet (fleeing) and a molten gargoyle.

Vanquished Creatures
  Gastronok (D:8)
  A centaur warrior (D:9)
  A lindwurm (Volcano)
  A black mamba (Lair:1)
  3 molten gargoyles (Volcano)
  Maggie (D:7)
  A rime drake (Lair:2)
  A komodo dragon (Lair:1)
  A polar bear (Lair:2)
  A troll (D:9)
  8 blink frogs (Lair:1)
  2 dream sheep (Lair:1)
  Sigmund (D:5)
  A shadow (D:8)
  17 yaks
  4 wyverns (D:9)
  A fire elemental (Volcano)
  Menkaure (D:7)
  13 water moccasins
  3 black bears
  An ice beast (D:7)
  An orc warrior (D:9)
  An ogre (D:5)
  7 wolves
  2 centaurs
  3 kobold brigands
  7 bullfrogs
  3 scorpions
  8 wights
  2 killer bees (D:9)
  2 howler monkeys (D:9)
  2 jellies
  A lava snake (D:7)
  3 gnoll boudas
  5 orc priests
  3 hounds
  2 iguanas
  7 orc wizards
  A mummy (D:9)
  15 gnolls
  2 river rats (Sewer)
  9 adders
  A white imp (D:7)
  3 worms
  3 dart slugs
  38 orcs
  7 endoplasms
  2 giant cockroaches (D:3)
  3 goblins
  5 hobgoblins
  19 jackals (D:3)
  4 quokkas
  10 ball pythons
  9 bats
  16 frilled lizards
  24 kobolds
  12 rats
  A spectral orc (D:9)
307 creatures vanquished.

Vanquished Creatures (collateral kills)
  Harold (D:9)
  Joseph (D:7)
  An ogre (D:3)
  A wight (D:8)
  5 gnolls
  3 orcs (D:3)
12 creatures vanquished.

Vanquished Creatures (others)
  4 dancing weapons
  9 fungi
  34 plants
47 creatures vanquished.

Grand Total: 366 creatures vanquished

Notes
Turn   | Place    | Note
-------+----------+-------------------------------------------
     0 | D:1      | experimilk the Draconian Conjurer began the quest for the
                  | Orb.
     0 | D:1      | Reached XP level 1. HP: 14/14 MP: 3/3
   184 | D:1      | Found a faded altar of an unknown god.
   435 | D:1      | Reached XP level 2. HP: 20/20 MP: 0/5
   761 | D:1      | Learned a level 2 spell: Searing Ray
  1513 | D:2      | Reached XP level 3. HP: 26/26 MP: 2/6
  1615 | D:2      | Reached skill level 5 in Conjurations
  1733 | D:2      | Learned a level 3 spell: Tukima's Dance
  2027 | D:3      | Found a shadowy altar of Dithmenos.
  2097 | D:3      | Became a worshipper of Dithmenos the Shadowed
  2309 | D:3      | Reached XP level 4. HP: 33/33 MP: 3/7
  2312 | D:3      | Reached skill level 1 in Hexes
  2649 | D:3      | Found a glowing drain.
  2709 | Sewer    | Entered a sewer
  2816 | Sewer    | Reached XP level 5. HP: 38/38 MP: 1/8
  3023 | Sewer    | Reached * piety under Dithmenos
  3810 | D:3      | Reached ** piety under Dithmenos
  3968 | D:3      | Reached skill level 6 in Conjurations
  4109 | D:3      | Reached XP level 6. HP: 33/45 MP: 0/10
  4196 | D:3      | Learned a level 5 spell: Lightning Bolt
  5542 | D:3      | Reached skill level 1 in Air Magic
  5542 | D:3      | Reached skill level 1 in Invocations
  5907 | D:3      | Your scales start taking on a dull iron-grey colour.
  5907 | D:3      | Reached XP level 7. HP: 29/50 MP: 5/11
  6247 | D:3      | Found an opulent altar of Gozag.
  6248 | D:3      | Found a glowing silver altar of Zin.
  6531 | D:4      | Found a stormy altar of Qazlal.
  7003 | D:4      | Identified the +6 long sword of Ydukkem {elec, rPois rF+++
                  | rCorr Str-5}
  7142 | D:4      | Reached *** piety under Dithmenos
  7220 | D:4      | Found a sacrificial altar of Ru.
  7223 | D:4      | Found an iron altar of Okawaru.
  7231 | D:4      | Found a burning altar of Makhleb.
  7231 | D:4      | Found an ornate altar of the Wu Jian Council.
  7341 | D:4      | Found Ysibodig's Serpentskin Sales.
  7349 | D:4      | Reached skill level 7 in Conjurations
  7486 | D:4      | Found Ubuogh's Assorted Antiques.
  7492 | D:4      | Bought a scroll labelled KORCHETHROTIA for 32 gold pieces
  7522 | D:5      | Entered Level 5 of the Dungeon
  7568 | D:5      | Reached XP level 8. HP: 57/57 MP: 6/13
  7881 | D:5      | Identified the +0 leather armour of Pandemonium {rN++}
  7881 | D:5      | Noticed Sigmund
  8350 | D:5      | Reached skill level 8 in Conjurations
  8412 | D:5      | Killed Sigmund
  8537 | D:5      | Found a staircase to the Ecumenical Temple.
  9235 | D:6      | Learned a level 4 spell: Iskenderun's Mystic Blast
  9785 | D:6      | Reached XP level 9. HP: 62/62 MP: 11/15
 10044 | D:6      | You fall into a shaft and drop 1 floor!
 10277 | D:7      | Noticed Menkaure
 10287 | D:7      | Killed Menkaure
 10382 | D:7      | Noticed Maggie
 10593 | D:7      | Reached skill level 9 in Conjurations
 10667 | D:7      | Found a hide-covered altar of Uskayaw.
 10806 | D:7      | Learned a level 2 spell: Poisonous Vapours
 10952 | D:7      | Killed Maggie
 10953 | D:7      | Reached skill level 5 in Spellcasting
 10953 | D:7      | Reached skill level 5 in Hexes
 11079 | D:7      | Noticed Joseph
 11097 | D:7      | Killed Joseph
 11098 | D:7      | Reached skill level 5 in Air Magic
 11210 | D:7      | Found a glowing golden altar of the Shining One.
 11621 | D:7      | Found an ancient bone altar of Kikubaaqudgha.
 12095 | D:8      | Reached XP level 10. HP: 69/69 MP: 2/18
 12133 | D:8      | Noticed Gastronok
 12271 | D:8      | Killed Gastronok
 12585 | D:8      | Identified the +1 ring mail of the Poles {rF+ rC+ rCorr
                  | MP-9}
 13360 | D:9      | Noticed Harold
 13373 | D:9      | Killed Harold
 14050 | D:9      | Reached skill level 10 in Conjurations
 14069 | D:9      | Reached **** piety under Dithmenos
 14222 | D:9      | Found a staircase to the Lair.
 14459 | D:9      | Found a snail-covered altar of Cheibriados.
 14750 | D:9      | Reached XP level 11. HP: 74/74 MP: 10/21
 14768 | D:9      | Noticed a centaur warrior
 14782 | D:9      | Killed a centaur warrior
 15221 | D:9      | Identified the +6 flail of Cen Sydiad {drain, rN+ Str-3
                  | Dex+5}
 15553 | D:9      | Learned a level 3 spell: Swiftness
 15570 | D:9      | Found Cuntu's Armour Shoppe.
 15705 | D:9      | Bought the +0 pair of fencer's gloves {Riposte Dex+3} for
                  | 520 gold pieces
 15705 | D:9      | Found the +0 pair of fencer's gloves {Riposte Dex+3}
 16099 | D:9      | Reached skill level 5 in Stealth
 16436 | D:9      | Found a hazy altar of Hepliaklqana.
 16723 | Lair:1   | Entered Level 1 of the Lair of Beasts
 16903 | Lair:1   | Reached skill level 11 in Conjurations
 17844 | Lair:1   | Reached ***** piety under Dithmenos
 18503 | Lair:2   | Noticed Sonja
 18607 | Lair:2   | Found a dark tunnel.
 18614 | Volcano  | Entered a volcano
 18654 | Volcano  | Reached XP level 12. HP: 68/81 MP: 7/23
 18830 | Volcano  | Killed from afar by a molten gargoyle

Illustrated notes

Levels and vault maps discovered:
D:1:      evilmike_arrival_rings, layout_basic,
          shapermc_ecumenical_altar_notcrosses, minmay_pentomino_z4
D:2:      layout_basic, hangedman_decor_growths
D:3:      lemuel_castle_with_subvaults [lemuel_castle_interior_carwin_3],
          layout_rooms, grunt_temple_overflow_gold_and_silver,
          grunt_dithmenos_smoke, gup_sewer_entry_glass
D:4:      layout_rooms, nicolae_overflow_hallway_of_the_gods, serial_shops,
          kennysheep_little_box, serial_rivers, chequers_serial_rivers_micro_d,
          chequers_serial_rivers_micro_c, chequers_serial_rivers_micro_c,
          chequers_serial_rivers_micro_b, guppyfry_shop_venom
D:5:      layout_basic, minmay_temple_entry_glass, uniq_sigmund
D:6:      layout_basic, bh_walls_and_bars
D:7:      layout_loops_corners, nicolae_uskayaw_suspiria, lemuel_tele_altar,
          old_standard_altar, uniq_menkaure, uniq_joseph, uniq_maggie
D:8:      layout_loops_ring, uniq_gastronok
D:9:      minmay_thick_lines, layout_loops_ring,
          nicolae_hepliaklqana_monster_ancestors, slow_altar_1,
          minmay_lair_entry_grove, serial_shops, shop, lemuel_flame_loot_1,
          uniq_harold
Lair:1:   layout_misc_corridors, dreamdust_gnoll_shepherd
Lair:2:   layout_misc_corridors, nicolae_swamp_entry_splash_gauntlet,
          lightli_volcano_entry_magma_tube, uniq_sonja
Volcano:  volcano_aerie

Skill      XL: |  1  2  3  4  5  6  7  8  9 10 11 12 |
---------------+-------------------------------------+-----
Conjurations   | 5 6 7 8 9 10 11 | 11.4
Hexes          | 1 2 3 4 5 6 |  6.0
Stealth        | 2 3 4 6 |  6.0
Spellcasting   | 3 4 5 6 7 |  7.9
Air Magic      | 1 2 3 5 7 8 9 |  9.0
Invocations    | 2 3 |  3.0
Dodging        | 3 |  3.7

Action                   |  1- 3 |  4- 6 |  7- 9 | 10-12 || total
-------------------------+-------+-------+-------+-------++-------
Melee: Short sword       |    33 |   144 |   107 |    13 ||   297
       Tailslap          |     1 |    22 |    20 |    18 ||    61
       Punch             |       |     1 |     3 |     2 ||     6
       Scimitar          |       |       |       |    42 ||    42
       Staff             |       |       |       |    48 ||    48
 Cast: Magic Dart        |    52 |   105 |    72 |    54 ||   283
       Searing Ray       |    11 |    15 |    44 |     7 ||    77
       Tukima's Dance    |       |    16 |     9 |    11 ||    36
       Iskenderun's Myst |       |       |     3 |    11 ||    14
       Lightning Bolt    |       |       |    10 |    93 ||   103
       Poisonous Vapours |       |       |       |    14 ||    14
       Swiftness         |       |       |       |     1 ||     1
Invok: Shadow Step       |       |       |     2 |       ||     2
Evoke: Wand              |       |       |     2 |    15 ||    17
  Use: Scroll            |       |     7 |    12 |    11 ||    30
       Potion            |       |     1 |     4 |    10 ||    15
 Stab: Sleeping          |       |     7 |     8 |     1 ||    16
Armor: Skin              |    18 |    37 |    81 |   193 ||   329
Dodge: Dodged            |    52 |   174 |   154 |   158 ||   538
       Rpst.: Staff      |       |       |       |     7 ||     7
